 Dungeon Crawl Stone Soup version 0.30.1-1-g62c8e00024 (webtiles) character file.

Game seed: 10203326539072566492

478 Anriel the Ducker (level 6, -6/32 HPs)
             Began as a Deep Elf Hedge Wizard on July 17, 2023.
             Mangled by Duvessa
             ... wielding a +0 short sword
              (7 damage)
             ... on level 4 of the Dungeon.
             The game lasted 00:23:51 (3304 turns).

Anriel the Ducker (Deep Elf Hedge Wizard)           Turns: 3304, Time: 00:23:51

Health: -6/32      AC:  2    Str:  4 (7)  XL:     6   Next: 85%
Magic:  10/14      EV: 13    Int: 20 (21) God:
Gold:   184        SH:  5    Dex: 13 (14) Spells: 7/13 levels left

rFire   . . .        a - +0 dagger
rCold   . . .        (no shield)
rNeg    . . .        b - +0 robe
rPois   .            c - +0 hat
rElec   .            (no cloak)
rCorr   .            (no gloves)
SInv    .            (no boots)
Will    .....        g - amulet of reflection
Stlth   ++           (no ring)
HPRegen 0.25/turn    (no ring)
MPRegen 0.14/turn

%: reflection
@: flying, very slightly contaminated
A: no striking features
a: no special abilities


You were on level 4 of the Dungeon.
You visited 1 branch of the dungeon, and saw 4 of its levels.

You collected 184 gold pieces.

Inventory:

Hand Weapons
 a - a +0 dagger (weapon)
Armour
 b - a +0 robe (worn)
 c - a +0 hat (worn)
Jewellery
 g - an amulet of reflection (around neck)
Potions
 i - a potion of brilliance


   Skills:
 + Level 3.0 Short Blades
 + Level 4.9 Dodging
 - Level 3.0 Stealth
 - Level 4.4 Spellcasting
 - Level 4.0 Conjurations
 * Level 3.0 Hexes
 - Level 2.1 Summonings
 - Level 2.0 Translocations


You had 7 spell levels left.
You knew the following spells:

 Your Spells              Type           Power      Damage    Failure   Level
a - Magic Dart            Conj           80%        1d7       2%          1
b - Blink                 Tloc           24%        N/A       9%          2
c - Slow                  Hex            64%        N/A       3%          1
d - Call Imp              Summ           24%        N/A       8%          2

Your spell library contained the following spells:

 Spells                   Type           Power      Damage    Failure   Level
 Cigotuvi's Dreadful Rot  Necr/Pois/Air  8%         N/A       19%         2
 Mephitic Cloud           Conj/Pois/Air  9%         N/A       22%         3


Dungeon Overview and Level Annotations

Branches:
Dungeon (4/15)
 Temple: D:4-7

Altars:

Annotations:
D:4 Duvessa


Message History

You kill Dowan!
Duvessa weeps, and shakes her weapon.
Duvessa goes berserk!
Your cerulean imp hits Duvessa with a -3 spear.
Your Short Blades skill increases to level 3!
Your Hexes skill increases to level 3!
Aiming: Magic Dart (safe; 2% risk of failure)
Press: ? - help, Q - select action, (/) - cycle Shift-Dir - straight line, f - Duvessa
Aim: Duvessa, wielding a +0 short sword and wearing a +0 leather armour (lightly wounded, berserk, ally target, 100% to hit)
The magic dart hits Duvessa but does no damage.
Duvessa is lightly wounded.
Your cerulean imp closely misses Duvessa.
Your cerulean imp hits Duvessa but does no damage.
You climb upwards.
There is a stone staircase leading down, spattered with blood here.
You start resting.
Magic restored.
You climb downwards.
Level annotation: Duvessa Duvessa hits you with a +0 short sword.
Duvessa barely misses you.
There is a stone staircase leading up, spattered with blood here.
Casting: Magic Dart (safe; 2% risk of failure)
Confirm with . or Enter, or press ? or * to list all spells.
You miscast Call Imp.
You are very lightly contaminated with residual magic.
Nothing appears to happen.
Duvessa closely misses you. Duvessa hits you with a +0 short sword!
Unknown command.
Casting: Call Imp (safe; 8% risk of failure)
Confirm with . or Enter, or press ? or * to list all spells.
A tiny devil pulls itself out of the air.
Duvessa hits you with a +0 short sword!!
Ouch! That really hurt!
* * * LOW HITPOINT WARNING * * *
You aren't carrying any scrolls.
It was a potion of flight.
You feel very buoyant.
You fly up into the air.
Duvessa misses you. Duvessa hits you with a +0 short sword!
You die...

###....####.####........
###.## #..###.##..... #.
##..#..# .... e. .
#.....# .... .## ..
#..##........ .#
#..#..###...... .....##
#.......
......###.......
...[....@e5......
......#####...... .....
..## #


You could see Duvessa (berserk, ally target) and a friendly cerulean imp
(summoned).

Vanquished Creatures
  Sigmund (D:3)
  Dowan (D:4)
  An iguana (D:4)
  5 gnolls
  5 adders
  A dart slug (D:3)
  5 orcs (D:3)
  3 bats
  4 endoplasms
  2 giant cockroaches
  6 goblins
  4 hobgoblins
  2 jackals (D:4)
  2 quokkas (D:1)
  5 ball pythons
  A frilled lizard (D:3)
  2 kobolds
  5 rats
55 creatures vanquished.

Vanquished Creatures (collateral kills)
  2 orc priests (D:3)
  An iguana (D:3)
  A gnoll (D:2)
  An orc (D:3)
  A ball python (D:3)
  An endoplasm (D:3)
7 creatures vanquished.

Grand Total: 62 creatures vanquished

Notes
Turn   | Place    | Note
-------+----------+-------------------------------------------
     0 | D:1      | Anriel the Deep Elf Hedge Wizard began the quest for the
                  | Orb.
     0 | D:1      | Reached XP level 1. HP: 10/10 MP: 7/7
   232 | D:1      | Reached XP level 2. HP: 15/15 MP: 7/9
   346 | D:1      | Learned a level 2 spell: Blink
   348 | D:1      | Learned a level 1 spell: Slow
   351 | D:1      | Learned a level 2 spell: Call Imp
  1146 | D:2      | Reached XP level 3. HP: 19/19 MP: 8/10
  1506 | D:2      | Reached skill level 1 in Short Blades
  1629 | D:2      | Reached XP level 4. HP: 24/24 MP: 9/12
  1875 | D:2      | Reached skill level 1 in Hexes
  2158 | D:3      | Reached XP level 5. HP: 25/28 MP: 7/13
  2167 | D:3      | Noticed Sigmund
  2689 | D:3      | Found a faded altar of an unknown god.
  2810 | D:3      | Killed Sigmund
  2811 | D:3      | Reached XP level 6. HP: 26/32 MP: 2/14
  3098 | D:4      | Noticed Duvessa
  3227 | D:4      | Noticed Dowan
  3236 | D:4      | Killed Dowan
  3303 | D:4      | HP: 1/32 [Duvessa/+0 short sword (18)]
  3304 | D:4      | Mangled by Duvessa

Illustrated notes

Levels and vault maps discovered:
D:1:      minmay_arrival_shoal_huts, layout_loops_ring
D:2:      layout_loops_ring
D:3:      layout_rooms, shapermc_ecumenical_altar_mp_highgroup, uniq_sigmund
D:4:      layout_layer_cave, nicolae_ashenzari_skybound, uniq_eustachio,
          uniq_duvessa

Skill      XL: |  1  2  3  4  5  6 |
---------------+-------------------+-----
Conjurations   | 2 4 |  4.0
Stealth        | 3 |  3.0
Dodging        | 3 4 |  4.9
Translocations | 2 |  2.0
Short Blades   | 1 2 3 |  3.0
Summonings     | 2 |  2.1
Hexes          | 2 3 |  3.0
Spellcasting   | |  4.4

Action                     |  1- 3 |  4- 6 || total
---------------------------+-------+-------++-------
  Melee: Dagger            |    17 |    13 ||    30
   Cast: Magic Dart        |    75 |   120 ||   195
         Call Imp          |     4 |    12 ||    16
         Slow              |     4 |     6 ||    10
         Blink             |     2 |     4 ||     6
    Use: Scroll            |     3 |     5 ||     8
         Potion            |       |     7 ||     7
 Armour: Robe              |    13 |     1 ||    14
  Dodge: Dodged            |    18 |    42 ||    60
  Block: Other             |     1 |    15 ||    16
         Reflection        |       |     2 ||     2
